 Dungeon Crawl Stone Soup version 0.28-a0-563-gf77a47075d (webtiles) character file.

Game seed: 13542044272781063087

28274 BuzzyBeetle the Basher (level 13, -1/116 HPs)
             Began as a Pale Draconian Berserker on Sept 29, 2021.
             Was the Champion of Trog.
             Slain by an azure jelly (8 damage)
             ... on level 1 of the Pits of Slime.
             The game lasted 01:45:42 (16361 turns).

BuzzyBeetle the Basher (Pale Draconian Berserker)  Turns: 16361, Time: 01:45:43

Health: -1/116     AC: 18    Str: 21    XL:     13   Next: 8%
Magic:  13/13      EV: 14    Int:  8    God:    Trog [******]
Gold:   849        SH:  7    Dex: 14    Spells: 12/12 levels left

rFire   + . .      SeeInvis .   m - +8 hand axe "Beastbane" {drain, *Rage rN++ Will+}
rCold   + . .      Faith    .   Z - +0 kite shield
rNeg    + + +      Spirit   .   (armour unavailable)
rPois   .          Reflect  .   n - +2 hat
rElec   .          Harm     .   V - scarf {rC+ rF+}
rCorr   .          Rampage  .   P - +2 pair of gloves
Will    +....      Rage     20% f - +0 pair of boots
Stlth   +++.......              X - amulet of regeneration
HPRegen 1.29/turn               D - ring of positive energy
MPRegen 0.13/turn               S - +4 ring of protection

@: on berserk cooldown, very slightly contaminated, slowed, invisible, very slow
A: breathe steam, AC +8, unfitting armour, cold-blooded, steam resistance
a: Breathe Steam, Renounce Religion, Berserk, Trog's Hand, Brothers in Arms


You were on level 1 of the Pits of Slime.
You worshipped Trog.
Trog was exalted by your worship.
You visited 3 branches of the dungeon, and saw 16 of its levels.
You also visited: Sewer.

You collected 914 gold pieces.
You spent 65 gold pieces at shops.

Inventory:

Hand Weapons
 e - a +4 morningstar of freezing
 m - the +8 hand axe "Beastbane" (weapon) {drain, *Rage rN++ Will+}
   (You found it on level 2 of the Lair of Beasts)

   A truly terrible weapon, it drains the life of any living foe it strikes.
   rN:        It greatly protects you from negative energy.
   *Rage:     It berserks you when you make melee attacks (+20% chance).
   Will:      It increases your willpower.
 s - a +0 flail of holy wrath
 x - a +2 flail of venom
Missiles
 c - 5 atropa-tipped darts
 h - 76 poisoned darts
 I - 2 curare-tipped darts
Armour
 f - a +0 pair of boots (worn)
 n - a +2 hat (worn)
 P - a +2 pair of gloves (worn)
 V - a scarf of resistance (worn)
 Z - a +0 kite shield (worn)
Jewellery
 r - a ring of flight
 w - a ring of poison resistance
 D - a ring of positive energy (left hand)
 S - a +4 ring of protection (right hand)
 W - a ring of protection from fire
 X - an amulet of regeneration (around neck)
Wands
 u - a wand of mindburst (29)
 F - a wand of acid (5)
 M - a wand of paralysis (4) (quivered)
 N - a wand of flame (44)
 O - a wand of polymorph (11)
 U - a wand of iceblast (23)
Scrolls
 d - 2 scrolls of fear
 g - 2 scrolls of summoning {unknown}
 l - 2 scrolls of magic mapping {unknown}
 o - 6 scrolls of noise {unknown}
 p - a scroll of enchant armour {unknown}
 v - a scroll of acquirement {unknown}
 y - 2 scrolls of immolation {unknown}
 A - 2 scrolls of silence {unknown}
 C - 4 scrolls of blinking {unknown}
 J - 3 scrolls of holy word {unknown}
 K - 2 scrolls of enchant weapon {unknown}
 L - 4 scrolls of amnesia {unknown}
 Q - a scroll of torment {unknown}
 R - 2 scrolls of teleportation {unknown}
 Y - 4 scrolls of fog {unknown}
Potions
 a - a potion of berserk rage
 b - 2 potions of might
 i - 2 potions of haste
 j - 9 potions of curing
 k - 5 potions of lignification
 q - 2 potions of heal wounds
 t - 3 potions of flight
 z - a potion of brilliance
 E - 4 potions of invisibility
 G - 3 potions of mutation
 H - 5 potions of resistance
 T - a potion of cancellation
Miscellaneous
 B - a phial of floods


   Skills:
 + Level 11.4 Fighting
 + Level 8.4(12.1) Axes
 - Level 13.7(14.6) Maces & Flails
 + Level 10.7 Dodging
 + Level 5.5 Stealth
 + Level 0.3 Shields
 + Level 0.8 Evocations


You had 12 spell levels left.
You didn't know any spells.
Your spell library was empty.

Dungeon Overview and Level Annotations

Branches:
Dungeon (10/15)            Temple (0/1) D:7            Lair (5/6) D:10
  Swamp (0/4) Lair:3       Spider (0/4) Lair:3        Slime (1/5) Lair:5
    Orc (0/2) D:10          Sewer (visited)

Altars:
Cheibriados
Dithmenos
Elyvilon
Fedhas
Gozag
Nemelex Xobeh
Wu Jian
Yredelemnul
The Shining One

Shops:
D:3 !   D:4 (

Annotations:
Lair:1 exclusion: 2 oklob plants
Lair:2 2 transporters, Japrukh's ghost, journeyman DDEE


Innate Abilities, Weirdness & Mutations

You can breathe blasts of scalding, opaque steam.
Your pale cyan-grey scales are hard. (AC +8)
You cannot fit into any form of body armour.
You are cold-blooded and may be slowed by cold attacks.
You are immune to the effects of steam.


Message History

The azure jelly hits you. x2; The azure jelly misses you.
The azure jelly barely misses you. The azure jelly hits you.
You block the azure jelly's attack.
You closely miss the azure jelly.
The azure jelly is lightly wounded.
The azure jelly hits you but does no damage.
The azure jelly closely misses you. The azure jelly barely misses you.
The azure jelly hits you but does no damage.
The azure jelly closely misses you. The azure jelly barely misses you.
The azure jelly hits you. x2
You hit the azure jelly. You drain the azure jelly.
The azure jelly is lightly wounded.
The azure jelly hits you but does no damage.
The azure jelly closely misses you. The azure jelly misses you.
The azure jelly hits you.
You hit the azure jelly. You tail-slap the azure jelly.
The azure jelly is lightly wounded.
You block the azure jelly's attack. The azure jelly closely misses you.
The azure jelly hits you but does no damage.
The azure jelly hits you. x2; The azure jelly freezes you!!
You resist. The azure jelly hits you!
* * * LOW HITPOINT WARNING * * *
The azure jelly freezes you!! You resist.
* * * LOW HITPOINT WARNING * * *
You block the azure jelly's attack. The azure jelly closely misses you.
You fade into invisibility!
You block the azure jelly's attack.
The azure jelly hits you but does no damage.
The azure jelly barely misses you. You block the azure jelly's attack. x2
The azure jelly hits you but does no damage.
You block the azure jelly's attack. The azure jelly hits you!
* * * LOW HITPOINT WARNING * * *
You are very lightly contaminated with residual magic.
The azure jelly jiggles.
You block the azure jelly's attack. The azure jelly misses you.
The azure jelly hits you but does no damage. x2
The azure jelly hits you.
* * * LOW HITPOINT WARNING * * *
The azure jelly freezes you! You resist.
You die...

############
###.#.#......####
###...............##
###.............>....##.
##.......................
#.....................##
#.....................#
#.......J@...........###
#........................
.......##..#.............
.......#.................
....#...#..............#.
.#.###.####......<......#
..# ## ..............##
.. ........#...###
....... ..##


You could see an azure jelly (drained).

Vanquished Creatures
  Gastronok (Lair:3)
  2 hydras
  A bog body (Lair:3)
  A deep elf pyromancer (D:9)
  9 elephants (Lair:4)
  3 black mambas
  5 cane toads
  3 rime drakes
  7 komodo dragons
  A jumping spider (Lair:3)
  3 polar bears
  A troll (D:9)
  A hornet (D:9)
  5 slime creatures (Slime:1)
  5 dream sheep (Lair:5)
  2 redbacks (Lair:3)
  2 wraiths (D:10)
  19 yaks
  A vampire (D:10)
  2 wyverns
  3 basilisks
  2 steam dragons (Lair:3)
  2 swamp worms (Lair:3)
  10 water moccasins
  Duvessa (D:7)
  An acid dragon (D:10)
  2 orc warriors
  3 sky beasts
  2 ice beasts (D:6)
  A black bear (D:5)
  A necrophage (D:5)
  An ogre (D:5)
  3 centaurs
  5 wolves (Lair:3)
  A phantom (D:5)
  3 kobold brigands
  9 bullfrogs
  A wyvern zombie (D:7)
  A gnoll sergeant (D:6)
  3 scorpions
  A wyvern skeleton (D:6)
  Dowan (D:7)
  40 killer bees
  9 wights
  2 electric eels
  5 howler monkeys
  A centaur zombie (D:9)
  4 orc priests
  15 jellies
  2 hounds
  2 centaur skeletons (D:7)
  Jessica (D:3)
  Natasha (twice) (D:3)
  Terence (D:3)
  4 iguanas
  Ijyb (D:3)
  7 orc wizards
  4 hell rats
  12 gnolls
  6 adders
  17 river rats
  A white imp (D:7)
  A worm (D:3)
  2 dart slugs
  41 orcs
  8 endoplasms
  3 giant cockroaches
  7 goblins
  8 hobgoblins
  6 jackals
  4 quokkas
  12 ball pythons
  12 bats
  3 frilled lizards
  A jackal skeleton (D:4)
  20 kobolds
  12 rats
407 creatures vanquished.

Vanquished Creatures (collateral kills)
  4 blink frogs (Lair:2)
  2 basilisks (Lair:1)
  A yak (Lair:1)
  2 bullfrogs (Lair:2)
9 creatures vanquished.

Vanquished Creatures (others)
  An orc wizard (D:9)
  12 fungi
  64 plants
77 creatures vanquished.

Grand Total: 493 creatures vanquished

Notes
Turn   | Place    | Note
-------+----------+-------------------------------------------
     0 | D:1      | BuzzyBeetle the Draconian Berserker began the quest for the
                  | Orb.
     0 | D:1      | Reached XP level 1. HP: 19/19 MP: 1/1
   248 | D:1      | Reached XP level 2. HP: 26/26 MP: 2/2
   777 | D:2      | Reached XP level 3. HP: 26/33 MP: 3/3
  1022 | D:2      | Reached ** piety under Trog
  1808 | D:2      | Found a faded altar of an unknown god.
  1865 | D:2      | You fall into a shaft and drop 2 floors!
  1906 | D:4      | Reached XP level 4. HP: 31/40 MP: 4/4
  1910 | D:4      | Found Nealeirunk's Weapon Shoppe.
  1923 | D:4      | Reached skill level 4 in Maces & Flails
  2466 | D:4      | Noticed a scorpion
  2472 | D:4      | Killed a scorpion
  2473 | D:4      | Reached XP level 5. HP: 46/46 MP: 5/5
  3224 | D:3      | Found Walor's Distillery.
  3233 | D:3      | Bought a potion of heal wounds for 65 gold pieces
  3325 | D:3      | Noticed Jessica
  3329 | D:3      | Killed Jessica
  3475 | D:3      | Noticed Ijyb
  3477 | D:3      | Noticed Terence
  3482 | D:3      | Killed Ijyb
  3483 | D:3      | Reached skill level 5 in Maces & Flails
  3483 | D:3      | Reached skill level 1 in Stealth
  3485 | D:3      | Killed Terence
  3486 | D:3      | Reached XP level 6. HP: 53/53 MP: 6/6
  3726 | D:3      | Reached *** piety under Trog
  3733 | D:3      | Noticed a water moccasin
  3750 | D:3      | Killed a water moccasin
  3907 | D:3      | Noticed Natasha
  3923 | D:3      | Killed Natasha
  4078 | D:3      | Noticed Natasha
  4089 | D:3      | Killed Natasha
  4150 | D:3      | Reached skill level 6 in Maces & Flails
  4323 | D:5      | Entered Level 5 of the Dungeon
  4567 | D:5      | Your scales start taking on a pale cyan-grey colour.
  4567 | D:5      | Reached XP level 7. HP: 60/60 MP: 7/7
  4567 | D:5      | Gained mutation: You are immune to the effects of steam.
                  | [Pale Draconian growth]
  4581 | D:5      | Reached skill level 5 in Fighting
  4677 | D:5      | Reached skill level 7 in Maces & Flails
  4821 | D:5      | Found a glowing drain.
  4833 | Sewer    | Entered a sewer
  4980 | Sewer    | Reached **** piety under Trog
  5043 | Sewer    | Reached XP level 8. HP: 69/69 MP: 8/8
  5367 | D:5      | Reached skill level 5 in Dodging
  5450 | D:5      | Found a blossoming altar of Fedhas.
  5471 | D:5      | Reached skill level 8 in Maces & Flails
  5865 | D:5      | Found a sparkling altar of Nemelex Xobeh.
  7045 | D:6      | Reached skill level 9 in Maces & Flails
  7427 | D:7      | Reached XP level 9. HP: 75/75 MP: 9/9
  7534 | D:7      | Noticed Dowan
  7534 | D:7      | Noticed Duvessa
  7563 | D:7      | Killed Dowan
  7837 | D:7      | Found a staircase to the Ecumenical Temple.
  8066 | D:7      | Killed Duvessa
  8156 | D:7      | Found a snail-covered altar of Cheibriados.
  8349 | D:8      | Found a shadowy altar of Dithmenos.
  8473 | D:8      | Reached ***** piety under Trog
  8845 | D:8      | Found a glowing golden altar of the Shining One.
  8848 | D:8      | Found a basalt altar of Yredelemnul.
  8894 | D:8      | Reached skill level 10 in Maces & Flails
  9128 | D:8      | Found a white marble altar of Elyvilon.
  9292 | D:9      | Found an ornate altar of the Wu Jian Council.
  9348 | D:9      | Noticed a deep elf pyromancer
  9458 | D:9      | Noticed a troll
  9554 | D:9      | Killed a deep elf pyromancer
  9555 | D:9      | Reached XP level 10. HP: 86/86 MP: 10/10
  9616 | D:9      | Identified the +7 quarterstaff "Grim Tooth" {venom, rElec
                  | Str+4 Dex+3}
  9625 | D:9      | Reached skill level 11 in Maces & Flails
  9643 | D:9      | Identified the +4 hand axe "Etse" {flame, Drain rF++ Will+
                  | rCorr Dex+2}
  9849 | D:10     | Entered Level 10 of the Dungeon
  9849 | D:10     | Found a staircase to the Orcish Mines.
  9904 | D:10     | Found an opulent altar of Gozag.
 10850 | D:10     | Reached skill level 12 in Maces & Flails
 11227 | D:10     | Found a staircase to the Lair.
 11313 | Lair:1   | Entered Level 1 of the Lair of Beasts
 11336 | Lair:1   | Reached XP level 11. HP: 95/95 MP: 11/11
 11984 | Lair:1   | Received a gift from Trog
 12269 | Lair:1   | Noticed an oklob plant
 12269 | Lair:1   | Noticed an oklob plant
 12813 | Lair:2   | Reached skill level 13 in Maces & Flails
 12933 | Lair:2   | Noticed a four-headed hydra
 12945 | Lair:2   | Killed a four-headed hydra
 13074 | Lair:2   | Found a transporter.
 13079 | Lair:2   | Noticed Japrukh's ghost (journeyman DDEE)
 13084 | Lair:2   | Noticed a catoblepas
 13095 | Lair:2   | Found a transporter.
 13180 | Lair:2   | Reached skill level 10 in Fighting
 13677 | Lair:2   | Identified the +8 hand axe "Beastbane" {drain, *Rage rN++
                  | Will+}
 13972 | Lair:3   | Reached XP level 12. HP: 106/106 MP: 12/12
 13991 | Lair:3   | Noticed Gastronok
 13999 | Lair:3   | Reached skill level 1 in Axes
 14012 | Lair:3   | Killed Gastronok
 14013 | Lair:3   | Reached skill level 10 in Dodging
 14032 | Lair:3   | Found a hole to the Spider Nest.
 14093 | Lair:3   | Reached skill level 5 in Stealth
 14238 | Lair:3   | Found a staircase to the Swamp.
 14467 | Lair:4   | Reached skill level 5 in Axes
 15025 | Lair:4   | Noticed a five-headed hydra
 15039 | Lair:4   | Killed a ten-headed hydra
 15126 | Lair:4   | Upgraded the game from 0.28-a0-556-gab23d0e057 to
                  | 0.28-a0-563-gf77a47075d
 15516 | Lair:5   | Reached ****** piety under Trog
 15722 | Lair:5   | Found a staircase to the Slime Pits.
 15736 | Lair:5   | Reached XP level 13. HP: 86/116 MP: 13/13
 16321 | Slime:1  | Entered Level 1 of the Pits of Slime
 16349 | Slime:1  | Noticed an azure jelly
 16361 | Slime:1  | Slain by an azure jelly

Illustrated notes

Levels and vault maps discovered:
D:1:      kilobyte_arrival_exit_the_forest, layout_basic, minmay_pentomino_o2
D:2:      layout_basic, dilly_ecumenical_altar_fadedgnrine
D:3:      minmay_bubble_buster, layout_loops_ring, serial_shops, shop,
          uniq_natasha, uniq_terence, uniq_ijyb, uniq_jessica
D:4:      layout_basic, serial_shops, shop, mrwooster_statue_mirror
D:5:      layout_basic, general_overflow_altar, fedhas_ov_isle_minmay,
          cheibrodos_sewer_entry_drain
D:6:      layout_loops_ring, nrook_pool_corridor
D:7:      layout_basic, old_standard_altar, minmay_temple_entry_butterflies,
          skrybe_limestone_x, minmay_misc_feat_more_columns,
          kennysheep_generic_room_6, uniq_crazy_yiuf_cottage, uniq_duvessa
D:8:      layout_basic, grunt_temple_overflow_holy_war,
          grunt_dithmenos_smoke_and_mirrors, nicolae_elyvilon_temple_path,
          minmay_strange_pillars
D:9:      layout_roguey, mainiacjoe_overflow_tiny_flanked,
          minmay_mirror_moons_of_madness
D:10:     wad_woods_minihive, layout_irregular_city, lemuel_crystal_altar,
          david_lair_shrubbed, orc_0_dummy, kennysheep_generic_room_13
Lair:1:   dpeg_oklob_gauntlet, layout_cave_pods, kennysheep_rathole,
          infiniplex_staircase_pool
Lair:2:   wad_woods_structure_01, layout_small_grid,
          gammafunk_ghost_berserking_beasts, minmay_lindwurm_lava
Lair:3:   layout_regular_city, nicolae_swamp_entry_splash_gauntlet,
          spider_nest_entry_a, uniq_snorg, uniq_gastronok
Lair:4:   layout_loops_ring, minivault_23, kennysheep_abandoned_house,
          grunt_megastairs_5
Lair:5:   layout_hall_layers, minmay_slime_entry_jelly_boxes,
          hibernation_bobbens, serial_bayou_shore_b, grunt_megastairs_3
Slime:1:  layout_caves

Skill      XL: |  1  2  3  4  5  6  7  8  9 10 11 12 |
---------------+-------------------------------------+-----
Dodging        | 3 4 5 7 8 9 10 | 10.7
Fighting       | 4 5 6 7 8 10 11 | 11.4
Maces & Flails | 4 5 6 7 9 10 12 13 | 13.7
Stealth        | 1 2 3 4 5 |  5.5
Axes           | 8 |  8.4
Shields        | |  0.3
Evocations     | |  0.8

Action                   |  1- 3 |  4- 6 |  7- 9 | 10-12 | 13-15 || total
-------------------------+-------+-------+-------+-------+-------++-------
Melee: Mace              |   119 |   158 |     9 |       |       ||   286
       Tailslap          |     9 |    15 |    51 |   127 |     9 ||   211
       Flail             |       |       |   425 |   511 |       ||   936
       Hand axe          |       |       |       |   277 |    35 ||   312
Invok: Berserk           |     1 |     7 |    21 |    16 |       ||    45
       Trog's Hand       |       |       |       |     1 |       ||     1
       Brothers in Arms  |       |       |       |     2 |       ||     2
Evoke: Wand              |       |       |     1 |       |       ||     1
  Use: Potion            |       |     2 |     2 |     3 |     2 ||     9
       Scroll            |       |       |     7 |     5 |       ||    12
 Stab: Sleeping          |       |       |     3 |     3 |     2 ||     8
       Distracted        |       |       |       |     1 |       ||     1
Armor: Skin              |    43 |    48 |   168 |   312 |    21 ||   592
Dodge: Dodged            |    87 |   100 |   294 |   634 |    25 ||  1140
Block: Kite shield       |       |       |       |     7 |    18 ||    25

Table legend: (Time is in decaauts)
 A = Elapsed time spent in this place.
 B = Non-inter-level travel time spent in this place.
 C = Inter-level travel time spent in this place.
 D = Time resting spent in this place.
 E = Time spent auto-exploring this place.
 F = Levels seen in this place.
 G = Mean time per level.
                   A        B        C        D        E       F      G
               +--------+--------+--------+--------+--------+-----+--------+
         Total |  16909 |  16902 |      7 |      0 |      3 |  17 |  994.6 |
       Dungeon |  11187 |  11187 |      0 |      0 |      0 |  10 | 1118.7 |
          Lair |   5100 |   5093 |      7 |      0 |      3 |   5 | 1020.0 |
    Slime Pits |     42 |     42 |      0 |      0 |      0 |   1 |   42.0 |
         Sewer |    579 |    579 |      0 |      0 |      0 |   1 |  579.0 |
               +--------+--------+--------+--------+--------+-----+--------+

Top non-repeatable levels by time:
    D:10: 1502 daAuts
     D:4: 1414 daAuts
     D:6: 1374 daAuts
     D:5: 1304 daAuts
  Lair:2: 1256 daAuts
  Lair:1: 1213 daAuts
     D:2: 1154 daAuts
     D:3: 1137 daAuts
  Lair:5: 1042 daAuts
  Lair:4: 932 daAuts
     D:7: 916 daAuts
     D:8: 905 daAuts
     D:1: 752 daAuts
     D:9: 723 daAuts
  Lair:3: 656 daAuts
